 Dungeon Crawl Stone Soup version 0.19.1 (webtiles) character file.

78 Dfrag the Firebug (level 4, -4/30 HPs)
             Began as a Demonspawn Fire Elementalist on Nov 29, 2016.
             Slain by an orc
             ... wielding a +0 mace
              (9 damage)
             ... on level 3 of the Dungeon.
             The game lasted 00:02:36 (1675 turns).

Dfrag the Firebug (Demonspawn Fire Elementalist)    Turns: 1675, Time: 00:02:38

Health: -4/30      AC:  4    Str:  8    XL:     4   Next: 15%
Magic:  7/7        EV: 12    Int: 18    God:
Gold:   145        SH:  0    Dex: 13    Spells: 1 memorised, 7 levels left

rFire  . . .     SeeInvis .     e - +2 dagger (venom)
rCold  . . .     Gourm    .     a - +0 robe
rNeg   . . .     Faith    .     (no shield)
rPois  .         Spirit   .     (no helmet)
rElec  .         Reflect  .     (no cloak)
rCorr  .         Harm     .     (no gloves)
MR     .....                    (no boots)
Stlth  ++........               (no amulet)
                                (no ring)
                                (no ring)

@: no status effects
A: claws 1, iridescent scales 1
a: no special abilities


You were on level 3 of the Dungeon.
You were not hungry.

You visited 1 branch of the dungeon, and saw 3 of its levels.

You collected 145 gold pieces.

Inventory:

Hand Weapons
 e - a +2 dagger of venom (weapon)
Armour
 a - a +0 robe (worn)
Scrolls
 g - a scroll of enchant armour {unknown}
 h - a scroll of identify {unknown}
 j - a scroll of teleportation {unknown}
 k - a scroll of immolation {unknown}
 m - 2 scrolls of remove curse {unknown}
Potions
 d - 2 potions of curing {unknown}
 l - a potion of agility {unknown}
 o - a potion of heal wounds {unknown}
 p - a potion of might {unknown}
Books
 b - a book of Flames

   Spells                             Type                      Level
   a - Flame Tongue                   Conjuration/Fire             1
   b - Throw Flame                    Conjuration/Fire             2
   c - Conjure Flame                  Conjuration/Fire             3
   d - Inner Flame                    Hexes/Fire                   3
   e - Sticky Flame                   Conjuration/Fire             4
   f - Fireball                       Conjuration/Fire             5
Comestibles
 c - a bread ration
 f - a meat ration
 i - 2 beef jerkies


   Skills:
 - Level 1.7 Dodging
 - Level 1.7 Stealth
 + Level 2.6 Spellcasting
 + Level 2.6 Conjurations
 + Level 3.4 Fire Magic


You had 7 spell levels left.
You knew the following spells:

 Your Spells              Type           Power        Failure   Level  Hunger
a - Flame Tongue          Conj/Fire      ##...        6%          1    #......


Dungeon Overview and Level Annotations

Branches:
Dungeon (3/15)

Altars:
Nemelex Xobeh


Innate Abilities, Weirdness & Mutations

You have sharp fingernails.
You are partially covered in iridescent scales. (AC +2)


Message History

The orc shouts! x3
You hit the orc but do no damage.
The orc is poisoned.
The orc hits you with a club.
You hit the orc but do no damage.
The orc looks even sicker.
The orc hits you from afar with a trident.
The orc hits you with a mace.
You hit the orc but do no damage.
The orc looks as sick as possible!
The frilled lizard unfolds its giant frill.
The orc hits you but does no damage. The orc hits you with a club.
You hit the orc but do no damage.
The orc looks as sick as possible!
The orc is lightly wounded.
The orc closely misses you. The orc hits you with a club.
The frilled lizard closely misses you.
You hit the orc.
The orc looks as sick as possible!
The orc is almost dead.
You kill the orc!
The orc hits you from afar with a trident!
* * * LOW HITPOINT WARNING * * *
The orc hits you with a mace!
You die...

#.## . #... . #..# .#
. #..##.#.. #########
#..#..... .......<#
#oo...... #######.#
#oo..<.#
#.######@).#.#
#.##.....l..#
######.#...##...#.#
#..................#
#...###.#...##.......
.. ...##.###.##...#
######.# #.# #.## #..
... .(. #### .# ##


You could see 4 orcs and a frilled lizard.

Vanquished Creatures
  An adder (D:2)
  An ooze (D:2)
  3 leopard geckos (D:1)
  2 orcs
  5 giant cockroaches
  7 goblins
  11 hobgoblins
  5 kobolds
  11 bats
  5 rats
51 creatures vanquished.

Notes
Turn   | Place    | Note
-------+----------+-------------------------------------------
     0 | D:1      | Dfrag the Demonspawn Fire Elementalist began the quest for the Orb.
     0 | D:1      | Reached XP level 1. HP: 13/13 MP: 3/3
   196 | D:1      | Gained mutation: You are partially covered in iridescent scales. (AC +2) [demonic ancestry]
   196 | D:1      | Reached XP level 2. HP: 7/19 MP: 1/5
   556 | D:1      | Reached skill level 3 in Fire Magic
   556 | D:1      | Reached XP level 3. HP: 19/24 MP: 6/6
   982 | D:2      | Found a faded altar of an unknown god.
  1463 | D:2      | Gained mutation: You have sharp fingernails. [demonic ancestry]
  1463 | D:2      | Reached XP level 4. HP: 25/30 MP: 7/7
  1538 | D:2      | Found a sparkling altar of Nemelex Xobeh.
  1675 | D:3      | Slain by an orc

Skill      XL: |  1  2 |
---------------+-------+-----
Conjurations   | 2 |  2.6
Fire Magic     | 3 |  3.4
Dodging        | |  1.7
Stealth        | |  1.7
Spellcasting   | |  2.6

Action                   |  1- 3 |  4- 6 || total
-------------------------+-------+-------++-------
Melee: Unarmed           |    13 |       ||    13
       Dagger            |   112 |    13 ||   125
 Cast: Flame Tongue      |    14 |       ||    14
 Stab: Sleeping          |     6 |       ||     6
  Eat: Chunk             |     2 |     1 ||     3
Armor: Robe              |    38 |     5 ||    43
Dodge: Dodged            |    98 |     8 ||   106
